 Dungeon Crawl Stone Soup version 0.25-a0-341-g6f074c887a (webtiles) character file.

Game seed: 17088647764809125124, levelgen mode: deterministic

595 mopl the Ruffian (level 7, -5/56 HPs)
             Began as a Minotaur Transmuter on Dec 30, 2019.
             Slain by an ogre
             ... wielding a +0 giant spiked club
              (24 damage)
             ... while paralysed by Grinder
             ... on level 4 of the Dungeon.
             The game lasted 00:04:57 (3164 turns).

mopl the Ruffian (Minotaur Transmuter)              Turns: 3164, Time: 00:04:57

Health: -5/56      AC:  0    Str: 15    XL:     7   Next: 16%
Magic:  10/10      EV:  2    Int: 12    God:
Gold:   162        SH:  0    Dex: 10    Spells: 1/12 levels left

rFire    . . .     SeeInvis .     - Unarmed
rCold    . . .     Gourm    .   (no shield)
rNeg     . . .     Faith    .   (no armour)
rPois    .         Spirit   .   (helmet restricted)
rElec    .         Reflect  .   (no cloak)
rCorr    .         Harm     .   (no gloves)
MR       .....                  (no boots)
Stlth    +.........             (no amulet)
HPRegen  0.18/turn              (no ring)
MPRegen  0.12/turn              (no ring)

@: paralysed
A: retaliatory headbutt, horns 2
a: no special abilities


You were on level 4 of the Dungeon.
You were hungry.

You visited 1 branch of the dungeon, and saw 5 of its levels.

You collected 162 gold pieces.

Inventory:

Missiles
 a - 12 arrows
 g - 73 stones (quivered)
 n - 4 javelins
Armour
 b - a +0 chain mail
 c - a +0 ring mail
 j - a +0 troll leather armour {Purgy}
 p - a +0 leather armour of poison resistance
Wands
 o - a wand of enslavement (7)
Scrolls
 e - a scroll of random uselessness {unknown}
 f - a scroll of fog {unknown}
 h - a scroll of enchant weapon
 i - a scroll of blinking {unknown}
 m - a scroll of teleportation {unknown}
 r - a scroll of amnesia {unknown}
 s - 4 scrolls of identify {unknown}
 t - a scroll of remove curse {unknown}
Potions
 l - a potion of magic {unknown}
Comestibles
 d - 3 rations


   Skills:
 + Level 2.3 Fighting
 + Level 2.1 Throwing
 + Level 2.9 Dodging
 + Level 4.5 Unarmed Combat
 - Level 3.0 Spellcasting
 * Level 3.8 Transmutations
 - Level 1.0 Poison Magic


You had one spell level left.
You knew the following spells:

 Your Spells              Type           Power        Failure   Level  Hunger
a - Beastly Appendage     Tmut           ##....       4%          1    #......
b - Spider Form           Tmut/Pois      #.........   26%         3    ###....
c - Blade Hands           Tmut           ##........   80%         5    ######.
w - Sticks to Snakes      Tmut           ##......     8%          2    ###....

Your spell library contained the following spells:

 Spells                   Type           Power        Failure   Level  Hunger
 Confusing Touch          Hex            #.....       24%         1    #......
 Confuse                  Hex            #.......     58%         3    ###....
 Gell's Gravitas          Tloc           #.........   58%         3    ###....
 Ice Form                 Ice/Tmut       #.......     73%         4    #####..
 Petrify                  Tmut/Erth      #.......     73%         4    #####..
 Yara's Violent Unravell  Hex/Tmut       #.........   97%         5    ######.
 Metabolic Englaciation   Hex/Ice        #.........   100%        5    ######.


Dungeon Overview and Level Annotations

Branches:
Dungeon (5/15)
 Temple: D:4-7

Altars:

Annotations:
D:4 Grinder


Innate Abilities, Weirdness & Mutations

You reflexively headbutt those who attack you in melee.
You have a pair of horns on your head.


Message History

Okay, then.
Evoke which item? (* to show all) (? for menu, Esc to quit)
Aiming: Enslavement
Press: ? - help, Shift-Dir - straight line, f - ogre
Aim: an ogre, wielding a +0 giant spiked club (chance to defeat MR: 46%)
Okay, then.
As you read the scroll labeled HITHRESH UNKUX, it crumbles to dust.
It is a scroll of enchant weapon.
You aren't carrying any weapons that can be enchanted.
Found a stone staircase leading up.
Grinder blinks!
Found 16 stones.
You are feeling hungry.
Found a short sword.
There is a stone staircase leading up here.
Grinder gestures at you.
You suddenly lose the ability to move!
Found 11 gold pieces.
Found a stone staircase leading down.
The ogre hits you with a +0 giant spiked club!!
You die...

.................###.#
#.........##..# #.#
####...<.....#...#.#.#
##.)...................
##........5............ยง
##..................###.#
#...##...(..........#...#
##.....O............###.#
#....##@........... ...
##...###.......... ...
##... #...... ... #....
.....$ #..##. ..... ....
.. ....> ...# #. ....
....


You could see Grinder and an ogre.

Vanquished Creatures
  Duvessa (D:4)
  Purgy (D:4)
  Dowan (D:4)
  A wight (D:4)
  2 howler monkeys
  3 hounds
  Ijyb (D:3)
  A worker ant (D:5)
  4 adders
  A dart slug (D:2)
  2 leopard geckos (D:4)
  2 bats
  3 giant cockroaches
  5 goblins
  6 hobgoblins
  9 jackals
  A quokka (D:2)
  5 frilled lizards
  6 kobolds
  A rat (D:2)
56 creatures vanquished.

Notes
Turn   | Place    | Note
-------+----------+-------------------------------------------
     0 | D:1      | mopl the Minotaur Transmuter began the quest for the Orb.
     0 | D:1      | Reached XP level 1. HP: 16/16 MP: 1/1
   482 | D:1      | Reached XP level 2. HP: 21/23 MP: 1/3
   490 | D:1      | Learned a level 2 spell: Sticks to Snakes
   619 | D:2      | Reached skill level 2 in Transmutations
   870 | D:2      | Reached XP level 3. HP: 27/28 MP: 4/4
   907 | D:2      | Reached skill level 2 in Spellcasting
  1158 | D:2      | Learned a level 3 spell: Spider Form
  1868 | D:3      | Noticed Ijyb
  1921 | D:3      | Killed Ijyb
  1921 | D:3      | Reached XP level 4. HP: 34/35 MP: 6/6
  1968 | D:3      | You fall into a shaft and drop 2 floors!
  1968 | D:5      | Entered Level 5 of the Dungeon
  1987 | D:5      | Reached XP level 5. HP: 9/40 MP: 1/7
  2009 | D:5      | HP: 2/40 [poisoned by a worker ant]
  2237 | D:5      | Reached skill level 1 in Throwing
  2237 | D:5      | Reached skill level 4 in Unarmed Combat
  2237 | D:5      | Reached skill level 3 in Transmutations
  2606 | D:4      | Reached skill level 1 in Poison Magic
  2730 | D:4      | Reached XP level 6. HP: 5/47 MP: 7/9
  3042 | D:4      | Noticed Dowan
  3042 | D:4      | Noticed Duvessa
  3065 | D:4      | HP: 2/47 [Duvessa/+2 short sword of venom (11)]
  3067 | D:4      | Killed Duvessa
  3069 | D:4      | Reached skill level 2 in Fighting
  3072 | D:4      | Killed Dowan
  3072 | D:4      | Reached skill level 3 in Spellcasting
  3078 | D:4      | Noticed Purgy
  3079 | D:4      | Learned a level 5 spell: Blade Hands
  3085 | D:4      | Killed Purgy
  3085 | D:4      | Reached skill level 2 in Throwing
  3085 | D:4      | Reached XP level 7. HP: 8/56 MP: 10/10
  3098 | D:4      | Noticed Grinder
  3163 | D:4      | Paralysed by Grinder for 7 turns
  3164 | D:4      | Slain by an ogre

Levels and vault maps discovered:
D:1:      dpeg_arrival_windows_large_door, layout_basic
D:2:      layout_basic
D:3:      layout_rooms, grunt_temple_overflow_forces_of_nature,
          nicolae_gozag_cash_rules_everything_around_me, lemuel_round_altar,
          chequers_temple_overflow_statue_of_worship, minmay_misc_feat_five,
          kennysheep_big_empty_room, uniq_ijyb
D:4:      layout_cave_pools, minmay_misc_feat_nine_boxes,
          chequers_serial_rivers_micro_e, hex_medium, uniq_grinder, uniq_purgy,
          uniq_duvessa
D:5:      layout_layer_cave, first_ration

Skill      XL: |  1  2  3  4  5  6 |
---------------+-------------------+-----
Transmutations | 2 3 |  3.8
Spellcasting   | 2 3 |  3.0
Throwing       | 1 2 |  2.1
Unarmed Combat | 4 |  4.5
Poison Magic   | 1 |  1.0
Fighting       | 2 |  2.3
Dodging        | |  2.9

Action                   |  1- 3 |  4- 6 |  7- 9 || total
-------------------------+-------+-------+-------++-------
Melee: Unarmed           |   123 |    96 |     4 ||   223
       Kick              |     7 |     4 |       ||    11
       Headbutt          |     7 |    11 |       ||    18
       Punch             |       |     2 |       ||     2
 Cast: Beastly Appendage |     8 |     3 |       ||    11
  Use: Potion            |       |     2 |       ||     2
       Scroll            |       |       |     1 ||     1
  Eat: Chunk             |     1 |     2 |     1 ||     4
       Ration            |     1 |       |       ||     1
Armor: Ring mail         |    30 |     1 |       ||    31
       Skin              |     3 |    12 |     1 ||    16
       Leather armour    |       |     9 |       ||     9
Dodge: Dodged            |    73 |    60 |     4 ||   137

Table legend:
 A = Non-vault XP
 B = Vault XP
 C = Vault XP percentage of total XP
 D = Non-vault monster count
 E = Vault monster count
 F = Vault count percentage of total count
                 A         B        C        D         E       F
            +---------+---------+-------+---------+---------+-------
      Total |     463 |     387 |  45.5 |      52 |       4 |   7.1
            +---------+---------+-------+---------+---------+-------
        D:1 |      16 |       0 |   0.0 |       9 |       0 |   0.0
        D:2 |      76 |       0 |   0.0 |      22 |       0 |   0.0
        D:3 |       5 |      36 |  87.8 |       4 |       1 |  20.0
        D:4 |     189 |     351 |  65.0 |      11 |       3 |  21.4
        D:5 |     177 |       0 |   0.0 |       6 |       0 |   0.0
            +---------+---------+-------+---------+---------+-------
